 Dungeon Crawl Stone Soup version 0.14-a0-2080-ge317583 (webtiles) character file.

207 HollowCharge the Ruinous (level 4, -4/33 HPs)
             Began as a Draconian Conjurer on Jan 24, 2014.
             Killed by divine providence
             ... invoked by an orc priest
              (9 damage)
             ... on Level 3 of the Dungeon.
             The game lasted 00:18:33 (3657 turns).

HollowCharge the Ruinous (Draconian Conjurer)       Turns: 3657, Time: 00:18:34

HP  -4/33        AC  5     Str 10      XL: 4   Next: 67%
MP   9/9         EV 12     Int 16      God:
Gold 93          SH  0     Dex 12      Spells:  3 memorised,  3 levels left

rFire  . . .     SeeInvis .     (no weapon)
rCold  . . .     Clarity  .     (armour unavailable)
rNeg   . . .     Conserve .     (no shield)
rPois  .         rCorr    .     (helmet restricted)
rElec  .         rRot     .     (no cloak)
SustAb . .       Spirit   .     (no gloves)
rMut   .         Warding  .     (no boots)
Saprov . . .     Stasis   .     (no amulet)
MR     .....                    (no ring)
                                (no ring)

@: not resistant to hostile enchantments, unstealthy
A: unfitting armour, AC +5
a: no special abilities


You were on level 3 of the Dungeon.
You were not hungry.

You visited 1 branch of the dungeon, and saw 3 of its levels.

You collected 93 gold pieces.

Inventory:

Comestibles
 b - 4 bread rations
 o - a pear
Scrolls
 d - 3 scrolls of fog
 e - 3 scrolls of identify
 g - 2 scrolls of enchant weapon I {unknown}
 h - 2 scrolls of curse armour {unknown}
 i - a scroll of curse jewellery {unknown}
 j - 4 scrolls of remove curse {unknown}
 k - a scroll of blinking {unknown}
 m - 3 scrolls of enchant weapon II {unknown}
 n - a scroll of recharging {unknown}
Potions
 a - a potion of magic
 f - 2 potions of curing
 l - a potion of agility {unknown}
Books
 c - a book of Conjurations

   Spells                             Type                      Level
   *Magic Dart                        Conjuration                  1
   *Searing Ray                       Conjuration                  2
   *Dazzling Spray                    Conjuration/Hexes            3
   Iskenderun's Mystic Blast          Conjuration                  4
   Iskenderun's Battlesphere          Conjuration/Charms           4
   Fulminant Prism                    Conjuration/Hexes            5


   Skills:
 + Level 2.4 Dodging
 - Level 1.7 Stealth
 * Level 3.3 Spellcasting
 * Level 4.9 Conjurations


You had 3 spell levels left.
You knew the following spells:

 Your Spells              Type           Power        Failure   Level  Hunger
a - Magic Dart            Conj           ###.         2%          1    None
b - Searing Ray           Conj           ###...       4%          2    ##.....
c - Dazzling Spray        Conj/Hex       ##......     21%         3    ###....


Dungeon Overview and Level Annotations

Branches:
Dungeon (3/16)

Altars:
Fedhas


Message History

Read which item? (? for menu, Esc to quit)
As you read the scroll of fog, it crumbles to dust.
The scroll dissolves into smoke.
An orc comes into view.
You see here an orcish club.
The orc priest unwields an uncursed orcish club.
The orc priest drops an uncursed orcish club.
The orc priest picks up an orcish club.
The orc priest wields an orcish club.
The orc priest invokes the aid of Beogh against you.
Something smites you!
You see here a giant newt skeleton.
The orc priest mumbles some strange prayers to Beogh against you.
Something smites you!
* * * LOW HITPOINT WARNING * * *
The orc priest utters an invocation to Beogh.
You feel a wave of unholy energy pass over you.
The orc priest looks braver.
The orc priest calls down the wrath of Beogh upon you.
Something smites you!
You die...

#.###.#####.###...#.# #..###
#...#.# #.##......#####..#
###.#.# #.....)..........#
#.#.# #.##.....#####...#
#.#.#####.##....## #...###
#.#.......#....## #......
#.########)...)#########.###
#..o......................##
##########.@.).#########....
##..<## ##### #####


You could see an orc priest.

Vanquished Creatures
  A worker ant (D:3)
  2 adders
  2 worms
  A giant gecko (D:1)
  2 oozes
  5 orcs (D:3)
  2 ball pythons (D:1)
  3 giant cockroaches
  8 hobgoblins
  5 kobolds
  7 bats
  4 giant newts
  9 goblins
  3 jackals
  5 rats
59 creatures vanquished.

Notes
Turn   | Place    | Note
--------------------------------------------------------------
     0 | D:1      | HollowCharge, the Draconian Conjurer, began the quest for the Orb.
     0 | D:1      | Reached XP level 1. HP: 14/14 MP: 3/3
     1 | D:1      | Noticed a minotaur
    11 | D:1      | Noticed a centaur skeleton
    14 | D:1      | Noticed a troll zombie
    16 | D:1      | Noticed a minotaur zombie
    16 | D:1      | Noticed a spriggan skeleton
    18 | D:1      | Noticed an elf
    19 | D:1      | Noticed a felid
    20 | D:1      | Noticed an ogre
    24 | D:1      | Noticed an elf zombie
    24 | D:1      | Noticed a human
    28 | D:1      | Noticed an elf zombie
   587 | D:1      | Reached XP level 2. HP: 20/20 MP: 0/4
  1495 | D:2      | Learned a level 2 spell: Searing Ray
  1535 | D:2      | Found a blossoming altar of Fedhas.
  1591 | D:2      | Reached XP level 3. HP: 26/26 MP: 1/6
  1796 | D:2      | Learned a level 3 spell: Dazzling Spray
  2547 | D:3      | Reached XP level 4. HP: 29/33 MP: 2/9
  3617 | D:3      | HP: 1/33 [orc priest/divine providence (13)]
  3657 | D:3      | Killed from afar by an orc priest

Action                   |  1- 3 |  4- 6 || total
-------------------------+-------+-------++-------
Melee: Unarmed           |    14 |    14 ||    28
 Cast: Magic Dart        |    94 |    33 ||   127
       Searing Ray       |     5 |     5 ||    10
  Use: Scroll            |     3 |     1 ||     4
